 Dungeon Crawl Stone Soup version 0.31.0-32-g396128a36d (webtiles) character file.

Game seed: 2725896407459102636

29 raetorn the Magician (level 3, -2/16 HPs)
             Began as a Felid Hedge Wizard on Apr 10, 2024.
             Slain by Sigmund
             ... wielding a +0 scythe
              (7 damage)
             ... on level 2 of the Dungeon on Apr 11, 2024.
             The game lasted 00:03:28 (1501 turns).

raetorn the Magician (Felid Hedge Wizard)           Turns: 1501, Time: 00:03:28

Health: -2/16      AC:  1    Str:  8    XL:     3   Next: 1%
Magic:  8/8        EV: 17    Int: 17    God:
Gold:   49         SH:  0    Dex: 15    Spells: 7/8 levels left
                                        Lives:  0   Deaths: 1

rFire   . .          .
                       - Unarmed
rCold   . . .        (shield unavailable)
rNeg    . . .        (body armour unavailable)
rPois   .            (helmet unavailable)
rElec   .            (cloak unavailable)
rCorr   .            (gloves unavailable)
SInv    +            (boots unavailable)
Will    .....        (no amulet)
Stlth   ++           (no ring)
HPRegen 0.22/turn    (no ring)
MPRegen 0.11/turn

%: no passive effects
@: invisible
A: very small, claws 1, fangs 3, see invisible, shaggy fur 1, stealthy paws, no
weapons or thrown items, no armour, multi-lived
a: no special abilities


You were on level 2 of the Dungeon.
You visited 1 branch of the dungeon, and saw 2 of its levels.

You collected 85 gold pieces.
You spent 36 gold pieces at shops.

Inventory:

Scrolls
 b - 2 scrolls of brand weapon {unknown}
 c - a scroll of fog {unknown}
 e - 2 scrolls of enchant weapon {unknown}
 i - a scroll of teleportation
Potions
 a - a potion of magic


   Skills:
 - Level 2.6 Dodging
 - Level 2.6 Stealth
 + Level 2.7 Unarmed Combat
 - Level 3.0 Spellcasting
 - Level 0.8 Conjurations
 - Level 1.0 Summonings
 - Level 1.5 Translocations


You had 7 spell levels left.
You knew the following spells:

 Your Spells              Type           Power      Damage    Failure   Level
a - Magic Dart            Conj           20%        1d4       12%         1

Your spell library contained the following spells:

 Spells                   Type           Power      Damage    Failure   Level
 Blink                    Tloc           14%        N/A       14%         2
 Slow                     Hex            8%         N/A       17%         1
 Call Imp                 Summ           10%        N/A       17%         2
 Cigotuvi's Dreadful Rot  Necr/Alch/Air  4%         N/A       26%         2
 Mephitic Cloud           Conj/Alch/Air  3%         N/A       43%         3


Dungeon Overview and Level Annotations

Branches:
Dungeon (2/15)

Altars:

Shops:
D:2 *

Annotations:
D:2 Sigmund


Innate Abilities, Weirdness & Mutations

You have sharp claws.
You have razor-sharp teeth.
You have supernaturally acute eyesight. (SInv)
You are covered in fur. (AC +1)
Your paws help you pounce on unaware monsters.
You are incapable of wielding weapons or throwing items.
You cannot wear armour.
You gain extra lives every three experience levels.


Message History

The magic dart hits the gnoll.
The gnoll is lightly wounded.
The magic dart hits the gnoll but does no damage.
The gnoll is lightly wounded.
There is a stone staircase leading up here.
The magic dart hits the gnoll.
The gnoll is moderately wounded.
The magic dart hits the gnoll.
The gnoll is heavily wounded.
The magic dart hits the gnoll.
The gnoll is almost dead.
The gnoll hits you from afar with a +0 halberd!
Ouch! That really hurt!
You die...
A gnoll comes into view. It is wielding a +0 spear.
You rejoin the land of the living...
Sigmund is nearby!
Sigmund is nearby!
The magic dart hits Sigmund.
Sigmund is lightly wounded.
Okay, then.
It was a potion of curing.
You feel better.
It was a potion of resistance.
You feel protected.
It was a potion of enlightenment.
You feel very buoyant.
You fly up into the air.
It was a potion of heal wounds.
You feel much better.
It was a potion of cancellation.
Your magical effects are unravelling.
You feel magically purged.
You float gracefully downwards.
Your resistance to elements expires.
Your enlightenment fades.
Sigmund hits you from afar with a +0 scythe!
Ouch! That really hurt!
* * * LOW HITPOINT WARNING * * *
It was a potion of invisibility.
You fade into invisibility!
Sigmund hits you from afar with a +0 scythe!
You die...
Sigmund begins carving another notch in his scythe.

#>..................#
##.#####.#....#######
##.#####...........#
#.............####.##
#..∩......@..........
#.####.....##.####.##
#.# ##...###......#
#.#####.### ##..####
#...@.@.# #..#
#######.# #[@# #.#
#..####
######.######.....#
#.............###.##
#######.####.#.######
#... #.........##.#.#
####
########.#.##.....#
#......#..<##.###.#


You could see Sigmund (unable to see you).

Vanquished Creatures
  2 dart slugs
  4 endoplasms
  3 giant cockroaches
  A goblin (D:1)
  3 kobolds (D:1)
  2 quokkas (D:1)
  4 ball pythons
  A frilled lizard (D:1)
  2 rats
22 creatures vanquished.

Notes
Turn   | Place    | Note
-------+----------+-------------------------------------------
     0 | D:1      | raetorn the Felid Hedge Wizard began the quest for the Orb.
     0 | D:1      | Reached XP level 1. HP: 9/9 MP: 5/5
   225 | D:1      | Reached skill level 1 in Unarmed Combat
   280 | D:1      | HP: 8/9 [quokka (1)]
   282 | D:1      | HP: 2/9 [quokka (2)]
   463 | D:1      | Reached XP level 2. HP: 13/13 MP: 1/7
   518 | D:1      | HP: 12/13 [kobold/stone (1)]
   979 | D:2      | Noticed Sigmund
  1237 | D:2      | Reached XP level 3. HP: 16/16 MP: 3/8
  1282 | D:2      | Found Quelires's General Store.
  1293 | D:2      | Bought a scroll of teleportation for 36 gold pieces
  1483 | D:2      | Slain by a gnoll
  1483 | D:2      | Lost a life (0 lives remaining)
  1500 | D:2      | HP: 4/16 [Sigmund/+0 scythe (12)]
  1501 | D:2      | Slain by Sigmund

Illustrated notes

Levels and vault maps discovered:
D:1:      dpeg_arrival_central, layout_rooms, minivault_23
D:2:      layout_basic, serial_shops, shop, uniq_sigmund

Skill      XL: |  1  2 |
---------------+-------+-----
Unarmed Combat | 1 2 |  2.7
Dodging        | |  2.6
Stealth        | |  2.6
Spellcasting   | |  3.0
Conjurations   | |  0.8
Summonings     | |  1.0
Translocations | |  1.5

Action                     || total
---------------------------++-------
  Melee: Unarmed           ||     7
         Bite              ||     3
   Cast: Magic Dart        ||    69
    Use: Potion            ||     6
 Armour: Skin              ||     9
  Dodge: Dodged            ||    13
